Map: Romanticide LE

Players

oliM - Winner!

  • Race: Protoss Protoss
  • League: Grandmaster

rotab

  • Race: Zerg Zerg
  • League: Grandmaster

VOD

Have the link to the VOD?

Description

Time

  • Played on: April 18, 2021, 9:01 a.m.
  • Length: 17:33
Show
View Real Time Build Order
Export as new Build Order

oliM Protoss - Winner!

Build Orders: 1 Gate Expand, Oracle Opening, Carriers 

Get SALT Encoding   

  12  0:00  Probe  
  13  0:12  Probe  
  14  0:20  Pylon  
  14  0:24  Probe  
  15  0:38  Probe (Chrono Boost)  
  15  0:39  Gateway  
  16  0:48  Assimilator  
  16  0:49  Probe (Chrono Boost)  
  17  0:54  Probe (Chrono Boost)  
  18  1:04  Probe  
  19  1:16  Probe  
  20  1:24  Nexus  
  20  1:33  Cybernetics Core  
  20  1:36  Probe  
  21  1:44  Assimilator  
  21  1:47  Pylon  
  21  1:51  Probe  
  22  2:01  Probe  
  22  2:07  Adept (Chrono Boost)  
  23  2:10  Probe  
  26  2:18  Probe  
  26  2:21  Stargate  
  27  2:29  Stalker (Chrono Boost), Probe  
  30  2:38  Probe  
  30  2:39  Warp Gate  
  30  2:41  Probe  
  32  2:50  Probe  
  33  2:53  Probe  
  34  2:59  Void Ray (Chrono Boost)  
  34  3:02  Probe  
  35  3:05  Probe  
  40  3:14  Probe  
  40  3:18  Probe  
  42  3:26  Probe  
  43  3:30  Probe  
  43  3:32  Gateway  
  43  3:34  Pylon  
  44  3:38  Pylon, Probe  
  45  3:42  Probe  
  46  3:49  Oracle (Chrono Boost)  
  46  3:51  Pylon  
  46  3:52  Probe  
  46  3:54  Probe  
  51  4:04  Probe  
  51  4:06  Probe  
  53  4:15  Nexus  
  53  4:16  Void Ray (Chrono Boost), Probe  
  54  4:17  Pylon  
  54  4:18  Probe  
  54  4:22  Assimilator  
  55  4:27  Assimilator  
  55  4:28  Probe  
  55  4:30  Probe  
  61  4:38  Robotics Facility  
  61  4:40  Probe  
  61  4:42  Probe  
  63  4:50  Void Ray (Chrono Boost)  
  63  4:52  Probe  
  64  4:53  Adept x2  
  64  4:54  Probe  
  73  5:04  Probe  
  73  5:05  Pylon  
  73  5:06  Probe  
  75  5:10  Forge  
  75  5:13  Twilight Council  
  75  5:16  Probe  
  75  5:19  Probe (Chrono Boost)  
  77  5:25  Gateway  
  77  5:26  Gateway  
  77  5:28  Probe (Chrono Boost)  
  78  5:31  Probe (Chrono Boost)  
  78  5:34  Probe (Chrono Boost), Observer  
  81  5:37  Sentry  
  81  5:38  Probe (Chrono Boost)  
  81  5:39  Probe (Chrono Boost)  
  81  5:41  Shield Battery  
  81  5:42  Probe (Chrono Boost)  
  86  5:43  Charge (Chrono Boost), Probe (Chrono Boost)  
  86  5:45  Robotics Bay, Probe  
  86  5:48  Assimilator  
  88  5:51  Assimilator  
  88  5:53  Probe  
  88  5:54  Probe  
  90  5:57  Protoss Ground Weapons Level 1 (Chrono Boost), Probe  
  91  6:05  Pylon, Probe  
  91  6:06  Probe  
  91  6:09  Probe  
  94  6:13  Immortal  
  94  6:17  Probe  
  99  6:18  Pylon  
  99  6:25  Probe  
  99  6:27  Templar Archives  
  99  6:29  Gateway  
  99  6:30  Gateway  
  100  6:38  Gateway  
  100  6:40  Gateway  
  100  6:42  Probe, Gateway  
  101  6:50  Immortal (Chrono Boost)  
  101  6:51  Nexus, Probe  
  101  6:52  Pylon  
  106  6:55  Photon Cannon, Psionic Storm  
  106  6:57  Probe  
  106  6:59  Probe  
  108  7:07  High Templar  
  110  7:13  Photon Cannon, High Templar  
  112  7:15  Photon Cannon  
  112  7:17  Shield Battery  
  112  7:19  Pylon, Probe  
  112  7:20  Probe  
  112  7:21  Disruptor  
  117  7:23  High Templar  
  117  7:29  Zealot x3  
  125  7:30  Pylon  
  125  7:32  Shield Battery  
  123  7:38  Probe  
  123  7:41  Stalker x3  
  126  7:45  Probe  
  127  7:52  Probe  
  127  7:53  Probe  
  129  7:58  Protoss Ground Weapons Level 2 (Chrono Boost)  
  129  7:59  Photon Cannon  
  129  8:03  Stargate, Fleet Beacon  
  129  8:10  Zealot x2, Assimilator  
  129  8:11  Zealot  
  135  8:13  Assimilator  
  135  8:15  Probe  
  135  8:16  Photon Cannon  
  135  8:17  Shield Battery  
  136  8:22  Pylon  
  136  8:26  Photon Cannon x2  
  136  8:28  Pylon  
  136  8:33  High Templar x2  
  140  8:34  High Templar  
  140  8:35  Zealot x2  
  140  8:36  Zealot x3  
  152  8:43  Protoss Air Weapons Level 1  
  142  8:56  Zealot x4  
  142  8:57  Zealot x2  
  154  9:06  Immortal (Chrono Boost)  
  154  9:09  Photon Cannon  
  158  9:11  High Templar  
  158  9:14  High Templar x2  
  164  9:17  Pylon, Zealot  
  164  9:18  Zealot  
  164  9:24  Archon  
  168  9:28  Carrier (Chrono Boost)  
  168  9:31  Mothership (Chrono Boost)  
  164  9:34  Nexus  
  164  9:36  Pylon  
  172  9:44  Observer (Chrono Boost)  
  173  9:46  Carrier  
  173  9:51  Pylon  
  175  9:53  Pylon  
  175  9:54  Zealot x2  
  175  9:55  Zealot x3  
  175  9:56  Zealot  
  186  10:12  Stargate  
  186  10:13  Stargate  
  184  10:16  Photon Cannon  
  184  10:17  Dark Shrine  
  184  10:18  Photon Cannon  
  184  10:21  Photon Cannon, Observer (Chrono Boost)  
  185  10:23  Photon Cannon  
  185  10:25  Shield Battery  
  185  10:27  Photon Cannon  
  185  10:28  Shield Battery  
  185  10:31  Zealot x3  
  185  10:32  Zealot x2  
  195  10:37  Zealot x2  
  195  10:43  Zealot  
  192  10:52  Zealot x5  
  192  11:01  Probe (Chrono Boost)  
  192  11:06  Carrier (Chrono Boost)  
  192  11:08  Probe (Chrono Boost)  
  186  11:11  Probe  
  175  11:18  High Templar x3  
  175  11:19  Protoss Ground Weapons Level 3, High Templar  
  179  11:25  Gateway  
  179  11:28  Gateway  
  185  11:34  High Templar  
  185  11:39  Carrier (Chrono Boost)  
  179  11:43  Archon x2  
  179  11:44  Probe  
  168  11:47  Carrier  
  168  11:53  Stalker  
  174  11:58  Photon Cannon  
  174  12:00  Shield Battery, Dark Templar  
  174  12:01  Dark Templar x2  
  180  12:07  High Templar x2  
  184  12:11  Archon  
  184  12:19  Pylon, Observer  
  184  12:21  Zealot x3  
  184  12:22  Zealot  
  193  12:24  Protoss Air Weapons Level 2 (Chrono Boost)  
  193  12:25  Shield Battery  
  193  12:26  Photon Cannon  
  193  12:40  Observer  
  193  12:42  Carrier (Chrono Boost)  
  200  12:58  Photon Cannon  
  200  13:01  Assimilator  
  200  13:03  Assimilator  
  200  13:05  Pylon  
  191  13:08  Archon  
  191  13:10  Zealot x3  
  191  13:11  Zealot x4  
  196  13:21  Carrier (Chrono Boost)  
  196  13:23  Shadow Stride (Chrono Boost)  
  192  13:49  Zealot x4  
  192  13:50  Protoss Shields Level 1, Zealot x4  
  198  14:03  Blink (Chrono Boost)  
  198  14:04  Void Ray  
  198  14:08  Dark Templar x2  
  194  14:14  Void Ray  
  188  14:17  Mothership (Chrono Boost)  
  188  14:23  High Templar x2  
  172  14:24  Probe (Chrono Boost)  
  172  14:25  Protoss Air Weapons Level 3  
  171  14:37  Carrier (Chrono Boost)  
  175  14:39  Zealot x3  
  175  14:40  Zealot x5  
  171  14:46  Carrier (Chrono Boost)  
  173  14:59  High Templar x3  
  179  15:00  High Templar x2  
  181  15:20  Zealot x5  
  187  15:24  Observer (Chrono Boost)  
  182  15:37  Dark Templar x4  
  182  15:39  Dark Templar  
  182  15:42  Archon  
  192  15:43  Archon  
  193  15:57  Observer  
  193  16:03  Nexus  
  193  16:06  Pylon  
  193  16:11  Void Ray  
  172  16:26  Observer (Chrono Boost)  
  167  16:33  Zealot x6  
  167  16:34  Zealot x4  
  187  16:44  Void Ray  
  187  16:46  Photon Cannon  
  187  16:48  Photon Cannon  
  197  17:08  Shield Battery  
  171  17:26  Archon  
  171  17:27  Archon  
  171  17:29  Zealot x5  
  181  17:30  Zealot x5  
Show
View Real Time Build Order
Export as new Build Order

rotab Zerg 

Build Orders: Hatch First, Lurkers 

Get SALT Encoding   

  12  0:00  Drone  
  13  0:08  Drone  
  14  0:16  Overlord  
  14  0:24  Drone, Extractor  
  15  0:36  Drone  
  16  0:47  Hatchery  
  15  0:50  Drone  
  15  0:54  Drone  
  17  0:57  Drone  
  18  1:09  Extractor  
  17  1:12  Spawning Pool  
  17  1:15  Drone  
  17  1:18  Drone  
  18  1:26  Drone  
  19  1:39  Drone  
  20  1:44  Hatchery  
  19  1:48  Drone  
  20  1:58  Queen  
  20  2:01  Drone  
  23  2:04  Drone  
  24  2:12  Queen  
  26  2:18  Overlord  
  26  2:23  Drone x2  
  26  2:28  Metabolic Boost  
  28  2:36  Queen  
  30  2:39  Zergling x2  
  30  2:41  Zergling x2  
  32  2:45  Drone x2  
  32  2:50  Overlord  
  34  3:03  Drone x4  
  34  3:04  Queen  
  40  3:08  Overlord  
  40  3:15  Queen  
  40  3:19  Drone  
  44  3:20  Drone  
  44  3:21  Drone  
  44  3:22  Drone  
  44  3:24  Drone  
  47  3:30  Drone x3  
  50  3:37  Extractor  
  50  3:38  Overlord  
  50  3:39  Drone x3  
  52  3:45  Overlord x2  
  52  3:51  Overlord  
  52  3:57  Overlord  
  52  4:02  Drone  
  53  4:03  Overlord x2  
  53  4:08  Drone x5  
  58  4:12  Lair  
  58  4:14  Drone  
  59  4:21  Zergling x6  
  59  4:24  Roach Warren, Extractor  
  61  4:25  Drone  
  61  4:26  Drone  
  61  4:30  Drone  
  61  4:31  Drone  
  64  4:37  Queen  
  66  4:41  Spore Crawler  
  66  4:43  Spore Crawler  
  63  4:50  Drone x8  
  72  5:01  Hatchery  
  72  5:02  Drone x4  
  72  5:03  Drone  
  72  5:05  Extractor  
  75  5:07  Evolution Chamber  
  75  5:08  Drone  
  75  5:11  Drone x2  
  77  5:17  Overlord  
  77  5:18  Drone x3  
  80  5:22  Glial Reconstitution, Extractor  
  80  5:23  Infestation Pit, Drone  
  80  5:24  Drone  
  80  5:25  Drone  
  81  5:29  Spore Crawler  
  81  5:31  Extractor  
  81  5:32  Spore Crawler, Drone  
  81  5:33  Drone x3  
  82  5:40  Zergling x4  
  82  5:41  Zergling x4  
  85  5:43  Drone  
  85  5:44  Zerg Melee Weapons Level 1  
  86  5:50  Zergling x6  
  89  5:59  Overlord  
  89  6:01  Roach x4  
  89  6:03  Roach x2  
  101  6:09  Overlord  
  101  6:13  Queen  
  101  6:15  Drone x3  
  101  6:16  Hive  
  101  6:17  Infestor  
  108  6:22  Zergling x6  
  108  6:24  Overlord  
  111  6:26  Overlord x2  
  111  6:33  Drone x8  
  111  6:34  Drone  
  111  6:36  Ravager x3  
  111  6:38  Extractor  
  111  6:39  Extractor  
  121  6:42  Roach x2  
  121  6:47  Overseer  
  125  6:54  Roach x3, Zergling x6  
  132  6:58  Zergling x8  
  138  7:03  Roach x2  
  138  7:07  Drone x2  
  138  7:08  Hydralisk Den  
  143  7:09  Overlord  
  143  7:10  Spire, Zergling x2  
  143  7:17  Drone x3  
  143  7:18  Drone x2  
  148  7:32  Viper x3  
  156  7:41  Overlord x2  
  156  7:43  Zergling x6  
  158  7:52  Muscular Augments, Drone  
  158  7:53  Lurker Den  
  158  7:54  Overlord x6  
  158  8:06  Hydralisk x5  
  158  8:08  Zergling x12  
  158  8:09  Adrenal Glands  
  158  8:10  Zerg Melee Weapons Level 2  
  174  8:14  Zergling x14  
  181  8:21  Hatchery  
  181  8:24  Overlord  
  180  8:30  Zergling x22  
  180  8:33  Zerg Flyer Weapons Level 1  
  189  8:50  Zergling x20  
  189  8:55  Drone x4  
  199  8:56  Spore Crawler x2  
  199  8:57  Spore Crawler  
  199  9:00  Spore Crawler  
  199  9:01  Spore Crawler  
  191  9:09  Seismic Spines  
  189  9:17  Drone x5  
  189  9:18  Drone x5  
  189  9:21  Overseer  
  195  9:25  Lurker  
  195  9:28  Zergling x12  
  196  9:43  Drone x2, Spire  
  196  9:44  Drone x2  
  199  9:46  Hatchery  
  199  9:47  Spore Crawler, Spine Crawler  
  199  9:48  Spine Crawler x2  
  194  9:54  Extractor x2  
  185  10:08  Spine Crawler  
  185  10:10  Spine Crawler x2  
  185  10:13  Lurker x2  
  184  10:19  Lurker  
  184  10:20  Overseer  
  182  10:21  Drone x5  
  182  10:24  Hatchery  
  182  10:27  Zerg Flyer Armor Level 1  
  180  10:31  Hydralisk  
  180  10:32  Hydralisk x3  
  184  10:37  Zergling x2  
  184  10:38  Zergling x18  
  168  10:45  Hydralisk x2  
  168  10:46  Hydralisk x4  
  168  10:47  Zergling x2  
  168  10:48  Zergling x14  
  171  10:51  Zerg Melee Weapons Level 3  
  163  11:08  Drone x3  
  163  11:09  Zergling x16  
  163  11:11  Hydralisk x2  
  173  11:15  Adaptive Talons, Greater Spire  
  169  11:21  Spore Crawler  
  168  11:26  Zergling x10  
  168  11:28  Spine Crawler  
  168  11:30  Spine Crawler  
  168  11:31  Spine Crawler  
  166  11:33  Corruptor x3  
  166  11:35  Spine Crawler  
  161  11:40  Zergling x4  
  157  11:50  Drone x6  
  157  11:52  Spine Crawler  
  157  11:54  Corruptor x5, Spine Crawler  
  171  12:02  Drone  
  171  12:06  Zergling x8  
  176  12:15  Hatchery, Grooved Spines  
  173  12:18  Spine Crawler  
  173  12:19  Drone  
  173  12:21  Spine Crawler  
  172  12:24  Lurker x9  
  172  12:26  Corruptor x6  
  193  12:35  Infestor x3  
  199  12:38  Pathogen Glands  
  195  12:44  Overseer  
  195  12:49  Zergling x24  
  199  12:58  Spore Crawler  
  199  13:00  Spire  
  197  13:17  Drone x2  
  199  13:20  Spine Crawler  
  198  13:29  Overseer  
  198  13:40  Hatchery  
  195  13:41  Zergling x8  
  195  13:42  Zergling x4  
  195  13:44  Zerg Ground Armor Level 1  
  195  13:45  Ultralisk Cavern  
  196  13:50  Queen x3  
  200  14:10  Unknown  
  176  14:24  Hydralisk x2, Zergling x14  
  176  14:25  Zergling x24  
  197  14:42  Hatchery  
  182  14:49  Chitinous Plating, Drone x3  
  182  14:51  Drone x10  
  182  14:52  Drone  
  189  14:53  Spine Crawler x2  
  189  14:55  Spine Crawler x2, Zerg Flyer Weapons Level 2  
  189  14:56  Drone  
  189  14:58  Spine Crawler, Spire  
  173  15:03  Drone x5  
  173  15:06  Pneumatized Carapace  
  174  15:16  Spore Crawler, Spine Crawler  
  174  15:20  Infestor x3  
  177  15:23  Infestation Pit, Drone x2  
  178  15:31  Spore Crawler, Spine Crawler  
  178  15:34  Queen  
  178  15:35  Spine Crawler  
  178  15:36  Spore Crawler  
  178  15:39  Spore Crawler  
  178  15:40  Spine Crawler  
  174  15:47  Hatchery  
  173  15:50  Drone x2  
  173  15:53  Drone x3  
  178  16:01  Drone x6  
  184  16:08  Anabolic Synthesis  
  184  16:10  Spore Crawler  
  167  16:20  Zergling x8  
  171  16:26  Drone x7  
  178  16:38  Drone x2  
  178  16:39  Spore Crawler  
  179  16:40  Spore Crawler, Spine Crawler  
  169  16:58  Overseer  
  156  17:20  Drone  
  156  17:21  Drone x2  
Tags
 
Add a new tag
Caveats
  • Supply blocks, unpowered buildings, or Contaminate may cause inaccurate times.
  • Supply counts are checked every 10 seconds.